%YAML 1.1
%TAG !u! tag:unity3d.com,2011:
--- !u!29 &1
OcclusionCullingSettings:
  m_ObjectHideFlags: 0
  serializedVersion: 2
  m_OcclusionBakeSettings:
    smallestOccluder: 5
    smallestHole: 0.25
    backfaceThreshold: 100
  m_SceneGUID: 00000000000000000000000000000000
  m_OcclusionCullingData: {fileID: 0}
--- !u!104 &2
RenderSettings:
  m_ObjectHideFlags: 0
  serializedVersion: 9
  m_Fog: 0
  m_FogColor: {r: 0.5, g: 0.5, b: 0.5, a: 1}
  m_FogMode: 3
  m_FogDensity: 0.01
  m_LinearFogStart: 0
  m_LinearFogEnd: 300
  m_AmbientSkyColor: {r: 0.212, g: 0.227, b: 0.259, a: 1}
  m_AmbientEquatorColor: {r: 0.114, g: 0.125, b: 0.133, a: 1}
  m_AmbientGroundColor: {r: 0.047, g: 0.043, b: 0.035, a: 1}
  m_AmbientIntensity: 1
  m_AmbientMode: 0
  m_SubtractiveShadowColor: {r: 0.42, g: 0.478, b: 0.627, a: 1}
  m_SkyboxMaterial: {fileID: 10304, guid: 0000000000000000f000000000000000, type: 0}
  m_HaloStrength: 0.5
  m_FlareStrength: 1
  m_FlareFadeSpeed: 3
  m_HaloTexture: {fileID: 0}
  m_SpotCookie: {fileID: 10001, guid: 0000000000000000e000000000000000, type: 0}
  m_DefaultReflectionMode: 0
  m_DefaultReflectionResolution: 128
  m_ReflectionBounces: 1
  m_ReflectionIntensity: 1
  m_CustomReflection: {fileID: 0}
  m_Sun: {fileID: 0}
  m_IndirectSpecularColor: {r: 0, g: 0, b: 0, a: 1}
  m_UseRadianceAmbientProbe: 0
--- !u!157 &3
LightmapSettings:
  m_ObjectHideFlags: 0
  serializedVersion: 11
  m_GIWorkflowMode: 1
  m_GISettings:
    serializedVersion: 2
    m_BounceScale: 1
    m_IndirectOutputScale: 1
    m_AlbedoBoost: 1
    m_EnvironmentLightingMode: 0
    m_EnableBakedLightmaps: 1
    m_EnableRealtimeLightmaps: 0
  m_LightmapEditorSettings:
    serializedVersion: 12
    m_Resolution: 2
    m_BakeResolution: 40
    m_AtlasSize: 1024
    m_AO: 0
    m_AOMaxDistance: 1
    m_CompAOExponent: 1
    m_CompAOExponentDirect: 0
    m_ExtractAmbientOcclusion: 0
    m_Padding: 2
    m_LightmapParameters: {fileID: 0}
    m_LightmapsBakeMode: 1
    m_TextureCompression: 1
    m_FinalGather: 0
    m_FinalGatherFiltering: 1
    m_FinalGatherRayCount: 256
    m_ReflectionCompression: 2
    m_MixedBakeMode: 2
    m_BakeBackend: 1
    m_PVRSampling: 1
    m_PVRDirectSampleCount: 32
    m_PVRSampleCount: 512
    m_PVRBounces: 2
    m_PVREnvironmentSampleCount: 256
    m_PVREnvironmentReferencePointCount: 2048
    m_PVRFilteringMode: 1
    m_PVRDenoiserTypeDirect: 1
    m_PVRDenoiserTypeIndirect: 1
    m_PVRDenoiserTypeAO: 1
    m_PVRFilterTypeDirect: 0
    m_PVRFilterTypeIndirect: 0
    m_PVRFilterTypeAO: 0
    m_PVREnvironmentMIS: 1
    m_PVRCulling: 1
    m_PVRFilteringGaussRadiusDirect: 1
    m_PVRFilteringGaussRadiusIndirect: 5
    m_PVRFilteringGaussRadiusAO: 2
    m_PVRFilteringAtrousPositionSigmaDirect: 0.5
    m_PVRFilteringAtrousPositionSigmaIndirect: 2
    m_PVRFilteringAtrousPositionSigmaAO: 1
    m_ExportTrainingData: 0
    m_TrainingDataDestination: TrainingData
    m_LightProbeSampleCountMultiplier: 4
  m_LightingDataAsset: {fileID: 0}
  m_UseShadowmask: 1
--- !u!196 &4
NavMeshSettings:
  serializedVersion: 2
  m_ObjectHideFlags: 0
  m_BuildSettings:
    serializedVersion: 2
    agentTypeID: 0
    agentRadius: 0.5
    agentHeight: 2
    agentSlope: 45
    agentClimb: 0.4
    ledgeDropHeight: 0
    maxJumpAcrossDistance: 0
    minRegionArea: 2
    manualCellSize: 0
    cellSize: 0.16666667
    manualTileSize: 0
    tileSize: 256
    accuratePlacement: 0
    debug:
      m_Flags: 0
  m_NavMeshData: {fileID: 0}
--- !u!1001 &56200295
PrefabInstance:
  m_ObjectHideFlags: 0
  serializedVersion: 2
  m_Modification:
    m_TransformParent: {fileID: 767975424}
    m_Modifications:
    - target: {fileID: 5463141001694896930, guid: 5bdc8db5d963bd245bda27e214d8c9e6,
        type: 3}
      propertyPath: m_Name
      value: pot_01
      objectReference: {fileID: 0}
    - target: {fileID: 9046500280580149553, guid: 5bdc8db5d963bd245bda27e214d8c9e6,
        type: 3}
      propertyPath: m_LocalPosition.x
      value: 0.009048242
      objectReference: {fileID: 0}
    - target: {fileID: 9046500280580149553, guid: 5bdc8db5d963bd245bda27e214d8c9e6,
        type: 3}
      propertyPath: m_LocalPosition.y
      value: -0.010180789
      objectReference: {fileID: 0}
    - target: {fileID: 9046500280580149553, guid: 5bdc8db5d963bd245bda27e214d8c9e6,
        type: 3}
      propertyPath: m_LocalPosition.z
      value: 0.013306547
      objectReference: {fileID: 0}
    - target: {fileID: 9046500280580149553, guid: 5bdc8db5d963bd245bda27e214d8c9e6,
        type: 3}
      propertyPath: m_LocalRotation.x
      value: -0.00012344122
      objectReference: {fileID: 0}
    - target: {fileID: 9046500280580149553, guid: 5bdc8db5d963bd245bda27e214d8c9e6,
        type: 3}
      propertyPath: m_LocalRotation.y
      value: 0.00012332201
      objectReference: {fileID: 0}
    - target: {fileID: 9046500280580149553, guid: 5bdc8db5d963bd245bda27e214d8c9e6,
        type: 3}
      propertyPath: m_LocalRotation.z
      value: 0.70710677
      objectReference: {fileID: 0}
    - target: {fileID: 9046500280580149553, guid: 5bdc8db5d963bd245bda27e214d8c9e6,
        type: 3}
      propertyPath: m_LocalRotation.w
      value: 0.70710677
      objectReference: {fileID: 0}
    - target: {fileID: 9046500280580149553, guid: 5bdc8db5d963bd245bda27e214d8c9e6,
        type: 3}
      propertyPath: m_RootOrder
      value: 3
      objectReference: {fileID: 0}
    - target: {fileID: 9046500280580149553, guid: 5bdc8db5d963bd245bda27e214d8c9e6,
        type: 3}
      propertyPath: m_LocalEulerAnglesHint.x
      value: 0
      objectReference: {fileID: 0}
    - target: {fileID: 9046500280580149553, guid: 5bdc8db5d963bd245bda27e214d8c9e6,
        type: 3}
      propertyPath: m_LocalEulerAnglesHint.y
      value: 0
      objectReference: {fileID: 0}
    - target: {fileID: 9046500280580149553, guid: 5bdc8db5d963bd245bda27e214d8c9e6,
        type: 3}
      propertyPath: m_LocalEulerAnglesHint.z
      value: 0
      objectReference: {fileID: 0}
    - target: {fileID: 9046500280580149553, guid: 5bdc8db5d963bd245bda27e214d8c9e6,
        type: 3}
      propertyPath: m_LocalScale.x
      value: 1
      objectReference: {fileID: 0}
    - target: {fileID: 9046500280580149553, guid: 5bdc8db5d963bd245bda27e214d8c9e6,
        type: 3}
      propertyPath: m_LocalScale.y
      value: 1
      objectReference: {fileID: 0}
    - target: {fileID: 9046500280580149553, guid: 5bdc8db5d963bd245bda27e214d8c9e6,
        type: 3}
      propertyPath: m_LocalScale.z
      value: 1
      objectReference: {fileID: 0}
    m_RemovedComponents: []
  m_SourcePrefab: {fileID: 100100000, guid: 5bdc8db5d963bd245bda27e214d8c9e6, type: 3}
--- !u!1 &60668657 stripped
GameObject:
  m_CorrespondingSourceObject: {fileID: 3913404896357518336, guid: f0f503202954f1344b06fc661f1c4a75,
    type: 3}
  m_PrefabInstance: {fileID: 653934931}
  m_PrefabAsset: {fileID: 0}
--- !u!114 &60668659
MonoBehaviour:
  m_ObjectHideFlags: 0
  m_CorrespondingSourceObject: {fileID: 0}
  m_PrefabInstance: {fileID: 0}
  m_PrefabAsset: {fileID: 0}
  m_GameObject: {fileID: 60668657}
  m_Enabled: 1
  m_EditorHideFlags: 0
  m_Script: {fileID: 11500000, guid: bceef544f78fdae46b9de524ae888770, type: 3}
  m_Name: 
  m_EditorClassIdentifier: 
  ColliderPool: []
  GlobalKey: 0
  LocalKey1: 1
  LocalKey2: 0
  LocalKey3: 0
  isPillar: 0
  SetScale: {x: 0, y: 0, z: 0}
  StartScale: {x: 0, y: 0, z: 0}
  SpeedLerp: 7
--- !u!1 &63284647 stripped
GameObject:
  m_CorrespondingSourceObject: {fileID: 3913404896357518336, guid: f0f503202954f1344b06fc661f1c4a75,
    type: 3}
  m_PrefabInstance: {fileID: 1069895235}
  m_PrefabAsset: {fileID: 0}
--- !u!114 &63284649
MonoBehaviour:
  m_ObjectHideFlags: 0
  m_CorrespondingSourceObject: {fileID: 0}
  m_PrefabInstance: {fileID: 0}
  m_PrefabAsset: {fileID: 0}
  m_GameObject: {fileID: 63284647}
  m_Enabled: 1
  m_EditorHideFlags: 0
  m_Script: {fileID: 11500000, guid: bceef544f78fdae46b9de524ae888770, type: 3}
  m_Name: 
  m_EditorClassIdentifier: 
  ColliderPool: []
  GlobalKey: 0
  LocalKey1: 2
  LocalKey2: 1
  LocalKey3: 0
  isPillar: 0
  SetScale: {x: 0, y: 0, z: 0}
  StartScale: {x: 0, y: 0, z: 0}
  SpeedLerp: 7
--- !u!1001 &103523190
PrefabInstance:
  m_ObjectHideFlags: 0
  serializedVersion: 2
  m_Modification:
    m_TransformParent: {fileID: 0}
    m_Modifications:
    - target: {fileID: 1467628496961825428, guid: 58ea01330d076ec488f99a40dd7add0a,
        type: 3}
      propertyPath: levelID
      value: 16
      objectReference: {fileID: 0}
    - target: {fileID: 1467628496961825428, guid: 58ea01330d076ec488f99a40dd7add0a,
        type: 3}
      propertyPath: duckFor3Stars
      value: 2
      objectReference: {fileID: 0}
    - target: {fileID: 1467628496961825428, guid: 58ea01330d076ec488f99a40dd7add0a,
        type: 3}
      propertyPath: duckFor2Stars
      value: 1
      objectReference: {fileID: 0}
    - target: {fileID: 1537474074914745644, guid: 58ea01330d076ec488f99a40dd7add0a,
        type: 3}
      propertyPath: m_Name
      value: Ded
      objectReference: {fileID: 0}
    - target: {fileID: 1537474074914745651, guid: 58ea01330d076ec488f99a40dd7add0a,
        type: 3}
      propertyPath: m_LocalPosition.x
      value: -16.28
      objectReference: {fileID: 0}
    - target: {fileID: 1537474074914745651, guid: 58ea01330d076ec488f99a40dd7add0a,
        type: 3}
      propertyPath: m_LocalPosition.y
      value: -0.0006578895
      objectReference: {fileID: 0}
    - target: {fileID: 1537474074914745651, guid: 58ea01330d076ec488f99a40dd7add0a,
        type: 3}
      propertyPath: m_LocalPosition.z
      value: 1.88943
      objectReference: {fileID: 0}
    - target: {fileID: 1537474074914745651, guid: 58ea01330d076ec488f99a40dd7add0a,
        type: 3}
      propertyPath: m_LocalRotation.x
      value: 0
      objectReference: {fileID: 0}
    - target: {fileID: 1537474074914745651, guid: 58ea01330d076ec488f99a40dd7add0a,
        type: 3}
      propertyPath: m_LocalRotation.y
      value: 0
      objectReference: {fileID: 0}
    - target: {fileID: 1537474074914745651, guid: 58ea01330d076ec488f99a40dd7add0a,
        type: 3}
      propertyPath: m_LocalRotation.z
      value: 0
      objectReference: {fileID: 0}
    - target: {fileID: 1537474074914745651, guid: 58ea01330d076ec488f99a40dd7add0a,
        type: 3}
      propertyPath: m_LocalRotation.w
      value: 1
      objectReference: {fileID: 0}
    - target: {fileID: 1537474074914745651, guid: 58ea01330d076ec488f99a40dd7add0a,
        type: 3}
      propertyPath: m_RootOrder
      value: 3
      objectReference: {fileID: 0}
    - target: {fileID: 1537474074914745651, guid: 58ea01330d076ec488f99a40dd7add0a,
        type: 3}
      propertyPath: m_LocalEulerAnglesHint.x
      value: 0
      objectReference: {fileID: 0}
    - target: {fileID: 1537474074914745651, guid: 58ea01330d076ec488f99a40dd7add0a,
        type: 3}
      propertyPath: m_LocalEulerAnglesHint.y
      value: 0
      objectReference: {fileID: 0}
    - target: {fileID: 1537474074914745651, guid: 58ea01330d076ec488f99a40dd7add0a,
        type: 3}
      propertyPath: m_LocalEulerAnglesHint.z
      value: 0
      objectReference: {fileID: 0}
    m_RemovedComponents: []
  m_SourcePrefab: {fileID: 100100000, guid: 58ea01330d076ec488f99a40dd7add0a, type: 3}
--- !u!1001 &122996081
PrefabInstance:
  m_ObjectHideFlags: 0
  serializedVersion: 2
  m_Modification:
    m_TransformParent: {fileID: 0}
    m_Modifications:
    - target: {fileID: 2501648274743404914, guid: 2a53eec5cea55ed4a941e5bdad2339a6,
        type: 3}
      propertyPath: m_LocalPosition.x
      value: -3.3
      objectReference: {fileID: 0}
    - target: {fileID: 2501648274743404914, guid: 2a53eec5cea55ed4a941e5bdad2339a6,
        type: 3}
      propertyPath: m_LocalPosition.y
      value: -0.004909934
      objectReference: {fileID: 0}
    - target: {fileID: 2501648274743404914, guid: 2a53eec5cea55ed4a941e5bdad2339a6,
        type: 3}
      propertyPath: m_LocalPosition.z
      value: 16.2
      objectReference: {fileID: 0}
    - target: {fileID: 2501648274743404914, guid: 2a53eec5cea55ed4a941e5bdad2339a6,
        type: 3}
      propertyPath: m_LocalRotation.x
      value: -0.49991274
      objectReference: {fileID: 0}
    - target: {fileID: 2501648274743404914, guid: 2a53eec5cea55ed4a941e5bdad2339a6,
        type: 3}
      propertyPath: m_LocalRotation.y
      value: -0.50008726
      objectReference: {fileID: 0}
    - target: {fileID: 2501648274743404914, guid: 2a53eec5cea55ed4a941e5bdad2339a6,
        type: 3}
      propertyPath: m_LocalRotation.z
      value: -0.49991274
      objectReference: {fileID: 0}
    - target: {fileID: 2501648274743404914, guid: 2a53eec5cea55ed4a941e5bdad2339a6,
        type: 3}
      propertyPath: m_LocalRotation.w
      value: 0.50008726
      objectReference: {fileID: 0}
    - target: {fileID: 2501648274743404914, guid: 2a53eec5cea55ed4a941e5bdad2339a6,
        type: 3}
      propertyPath: m_RootOrder
      value: 4
      objectReference: {fileID: 0}
    - target: {fileID: 2501648274743404914, guid: 2a53eec5cea55ed4a941e5bdad2339a6,
        type: 3}
      propertyPath: m_LocalEulerAnglesHint.x
      value: -89.98
      objectReference: {fileID: 0}
    - target: {fileID: 2501648274743404914, guid: 2a53eec5cea55ed4a941e5bdad2339a6,
        type: 3}
      propertyPath: m_LocalEulerAnglesHint.y
      value: -90
      objectReference: {fileID: 0}
    - target: {fileID: 2501648274743404914, guid: 2a53eec5cea55ed4a941e5bdad2339a6,
        type: 3}
      propertyPath: m_LocalEulerAnglesHint.z
      value: 0
      objectReference: {fileID: 0}
    - target: {fileID: 2501648275621246493, guid: 2a53eec5cea55ed4a941e5bdad2339a6,
        type: 3}
      propertyPath: m_Name
      value: BedPrefab
      objectReference: {fileID: 0}
    m_RemovedComponents: []
  m_SourcePrefab: {fileID: 100100000, guid: 2a53eec5cea55ed4a941e5bdad2339a6, type: 3}
--- !u!1001 &141507000
PrefabInstance:
  m_ObjectHideFlags: 0
  serializedVersion: 2
  m_Modification:
    m_TransformParent: {fileID: 0}
    m_Modifications:
    - target: {fileID: 425304996700499342, guid: df6a366a225536b48893be5eddf5ab47,
        type: 3}
      propertyPath: m_LocalPosition.x
      value: -16.968025
      objectReference: {fileID: 0}
    - target: {fileID: 425304996700499342, guid: df6a366a225536b48893be5eddf5ab47,
        type: 3}
      propertyPath: m_LocalPosition.y
      value: -0.0073070526
      objectReference: {fileID: 0}
    - target: {fileID: 425304996700499342, guid: df6a366a225536b48893be5eddf5ab47,
        type: 3}
      propertyPath: m_LocalPosition.z
      value: 15.7411995
      objectReference: {fileID: 0}
    - target: {fileID: 425304996700499342, guid: df6a366a225536b48893be5eddf5ab47,
        type: 3}
      propertyPath: m_LocalRotation.x
      value: -0.6880619
      objectReference: {fileID: 0}
    - target: {fileID: 425304996700499342, guid: df6a366a225536b48893be5eddf5ab47,
        type: 3}
      propertyPath: m_LocalRotation.y
      value: 0.16300581
      objectReference: {fileID: 0}
    - target: {fileID: 425304996700499342, guid: df6a366a225536b48893be5eddf5ab47,
        type: 3}
      propertyPath: m_LocalRotation.z
      value: 0.16300581
      objectReference: {fileID: 0}
    - target: {fileID: 425304996700499342, guid: df6a366a225536b48893be5eddf5ab47,
        type: 3}
      propertyPath: m_LocalRotation.w
      value: 0.6880619
      objectReference: {fileID: 0}
    - target: {fileID: 425304996700499342, guid: df6a366a225536b48893be5eddf5ab47,
        type: 3}
      propertyPath: m_RootOrder
      value: 1
      objectReference: {fileID: 0}
    - target: {fileID: 425304996700499342, guid: df6a366a225536b48893be5eddf5ab47,
        type: 3}
      propertyPath: m_LocalEulerAnglesHint.x
      value: -90.00001
      objectReference: {fileID: 0}
    - target: {fileID: 425304996700499342, guid: df6a366a225536b48893be5eddf5ab47,
        type: 3}
      propertyPath: m_LocalEulerAnglesHint.y
      value: 0
      objectReference: {fileID: 0}
    - target: {fileID: 425304996700499342, guid: df6a366a225536b48893be5eddf5ab47,
        type: 3}
      propertyPath: m_LocalEulerAnglesHint.z
      value: 26.656002
      objectReference: {fileID: 0}
    - target: {fileID: 3728318021985296285, guid: df6a366a225536b48893be5eddf5ab47,
        type: 3}
      propertyPath: m_Name
      value: heater
      objectReference: {fileID: 0}
    m_RemovedComponents: []
  m_SourcePrefab: {fileID: 100100000, guid: df6a366a225536b48893be5eddf5ab47, type: 3}
--- !u!1 &153460834 stripped
GameObject:
  m_CorrespondingSourceObject: {fileID: 2583531011011978398, guid: f0f503202954f1344b06fc661f1c4a75,
    type: 3}
  m_PrefabInstance: {fileID: 1069895235}
  m_PrefabAsset: {fileID: 0}
--- !u!114 &153460836
MonoBehaviour:
  m_ObjectHideFlags: 0
  m_CorrespondingSourceObject: {fileID: 0}
  m_PrefabInstance: {fileID: 0}
  m_PrefabAsset: {fileID: 0}
  m_GameObject: {fileID: 153460834}
  m_Enabled: 1
  m_EditorHideFlags: 0
  m_Script: {fileID: 11500000, guid: bceef544f78fdae46b9de524ae888770, type: 3}
  m_Name: 
  m_EditorClassIdentifier: 
  ColliderPool: []
  GlobalKey: 0
  LocalKey1: 3
  LocalKey2: 0
  LocalKey3: 0
  isPillar: 0
  SetScale: {x: 0, y: 0, z: 0}
  StartScale: {x: 0, y: 0, z: 0}
  SpeedLerp: 7
--- !u!1 &244599426
GameObject:
  m_ObjectHideFlags: 0
  m_CorrespondingSourceObject: {fileID: 0}
  m_PrefabInstance: {fileID: 0}
  m_PrefabAsset: {fileID: 0}
  serializedVersion: 6
  m_Component:
  - component: {fileID: 244599427}
  m_Layer: 0
  m_Name: Waypoint 2
  m_TagString: Untagged
  m_Icon: {fileID: 0}
  m_NavMeshLayer: 0
  m_StaticEditorFlags: 0
  m_IsActive: 1
--- !u!4 &244599427
Transform:
  m_ObjectHideFlags: 0
  m_CorrespondingSourceObject: {fileID: 0}
  m_PrefabInstance: {fileID: 0}
  m_PrefabAsset: {fileID: 0}
  m_GameObject: {fileID: 244599426}
  m_LocalRotation: {x: 0, y: 0.7071068, z: 0, w: 0.7071068}
  m_LocalPosition: {x: -9.59, y: 1.39, z: 17.45}
  m_LocalScale: {x: 1, y: 1, z: 1}
  m_Children: []
  m_Father: {fileID: 0}
  m_RootOrder: 12
  m_LocalEulerAnglesHint: {x: 0, y: 90, z: 0}
--- !u!1 &313620625
GameObject:
  m_ObjectHideFlags: 0
  m_CorrespondingSourceObject: {fileID: 0}
  m_PrefabInstance: {fileID: 0}
  m_PrefabAsset: {fileID: 0}
  serializedVersion: 6
  m_Component:
  - component: {fileID: 313620628}
  - component: {fileID: 313620627}
  - component: {fileID: 313620626}
  m_Layer: 0
  m_Name: EventSystem
  m_TagString: Untagged
  m_Icon: {fileID: 0}
  m_NavMeshLayer: 0
  m_StaticEditorFlags: 0
  m_IsActive: 1
--- !u!114 &313620626
MonoBehaviour:
  m_ObjectHideFlags: 0
  m_CorrespondingSourceObject: {fileID: 0}
  m_PrefabInstance: {fileID: 0}
  m_PrefabAsset: {fileID: 0}
  m_GameObject: {fileID: 313620625}
  m_Enabled: 1
  m_EditorHideFlags: 0
  m_Script: {fileID: 11500000, guid: 4f231c4fb786f3946a6b90b886c48677, type: 3}
  m_Name: 
  m_EditorClassIdentifier: 
  m_HorizontalAxis: Horizontal
  m_VerticalAxis: Vertical
  m_SubmitButton: Submit
  m_CancelButton: Cancel
  m_InputActionsPerSecond: 10
  m_RepeatDelay: 0.5
  m_ForceModuleActive: 0
--- !u!114 &313620627
MonoBehaviour:
  m_ObjectHideFlags: 0
  m_CorrespondingSourceObject: {fileID: 0}
  m_PrefabInstance: {fileID: 0}
  m_PrefabAsset: {fileID: 0}
  m_GameObject: {fileID: 313620625}
  m_Enabled: 1
  m_EditorHideFlags: 0
  m_Script: {fileID: 11500000, guid: 76c392e42b5098c458856cdf6ecaaaa1, type: 3}
  m_Name: 
  m_EditorClassIdentifier: 
  m_FirstSelected: {fileID: 0}
  m_sendNavigationEvents: 1
  m_DragThreshold: 10
--- !u!4 &313620628
Transform:
  m_ObjectHideFlags: 0
  m_CorrespondingSourceObject: {fileID: 0}
  m_PrefabInstance: {fileID: 0}
  m_PrefabAsset: {fileID: 0}
  m_GameObject: {fileID: 313620625}
  m_LocalRotation: {x: 0, y: 0, z: 0, w: 1}
  m_LocalPosition: {x: 0, y: 0, z: 0}
  m_LocalScale: {x: 1, y: 1, z: 1}
  m_Children: []
  m_Father: {fileID: 0}
  m_RootOrder: 8
  m_LocalEulerAnglesHint: {x: 0, y: 0, z: 0}
--- !u!1001 &472885501
PrefabInstance:
  m_ObjectHideFlags: 0
  serializedVersion: 2
  m_Modification:
    m_TransformParent: {fileID: 2106825117}
    m_Modifications:
    - target: {fileID: 1867638263802141739, guid: a5e273bcf041b424080f261d5239754d,
        type: 3}
      propertyPath: m_Name
      value: picture6 (1)
      objectReference: {fileID: 0}
    - target: {fileID: 3436377099824033336, guid: a5e273bcf041b424080f261d5239754d,
        type: 3}
      propertyPath: m_LocalPosition.x
      value: 0.0061
      objectReference: {fileID: 0}
    - target: {fileID: 3436377099824033336, guid: a5e273bcf041b424080f261d5239754d,
        type: 3}
      propertyPath: m_LocalPosition.y
      value: -0.0059
      objectReference: {fileID: 0}
    - target: {fileID: 3436377099824033336, guid: a5e273bcf041b424080f261d5239754d,
        type: 3}
      propertyPath: m_LocalPosition.z
      value: 0.021
      objectReference: {fileID: 0}
    - target: {fileID: 3436377099824033336, guid: a5e273bcf041b424080f261d5239754d,
        type: 3}
      propertyPath: m_LocalRotation.x
      value: -0.00017452026
      objectReference: {fileID: 0}
    - target: {fileID: 3436377099824033336, guid: a5e273bcf041b424080f261d5239754d,
        type: 3}
      propertyPath: m_LocalRotation.y
      value: 0
      objectReference: {fileID: 0}
    - target: {fileID: 3436377099824033336, guid: a5e273bcf041b424080f261d5239754d,
        type: 3}
      propertyPath: m_LocalRotation.z
      value: 0
      objectReference: {fileID: 0}
    - target: {fileID: 3436377099824033336, guid: a5e273bcf041b424080f261d5239754d,
        type: 3}
      propertyPath: m_LocalRotation.w
      value: 1
      objectReference: {fileID: 0}
    - target: {fileID: 3436377099824033336, guid: a5e273bcf041b424080f261d5239754d,
        type: 3}
      propertyPath: m_RootOrder
      value: 1
      objectReference: {fileID: 0}
    - target: {fileID: 3436377099824033336, guid: a5e273bcf041b424080f261d5239754d,
        type: 3}
      propertyPath: m_LocalEulerAnglesHint.x
      value: -0.020000001
      objectReference: {fileID: 0}
    - target: {fileID: 3436377099824033336, guid: a5e273bcf041b424080f261d5239754d,
        type: 3}
      propertyPath: m_LocalEulerAnglesHint.y
      value: 0
      objectReference: {fileID: 0}
    - target: {fileID: 3436377099824033336, guid: a5e273bcf041b424080f261d5239754d,
        type: 3}
      propertyPath: m_LocalEulerAnglesHint.z
      value: 0
      objectReference: {fileID: 0}
    - target: {fileID: 3436377099824033336, guid: a5e273bcf041b424080f261d5239754d,
        type: 3}
      propertyPath: m_LocalScale.x
      value: 1.5737144
      objectReference: {fileID: 0}
    - target: {fileID: 3436377099824033336, guid: a5e273bcf041b424080f261d5239754d,
        type: 3}
      propertyPath: m_LocalScale.y
      value: 0.08675912
      objectReference: {fileID: 0}
    - target: {fileID: 3436377099824033336, guid: a5e273bcf041b424080f261d5239754d,
        type: 3}
      propertyPath: m_LocalScale.z
      value: 1
      objectReference: {fileID: 0}
    m_RemovedComponents: []
  m_SourcePrefab: {fileID: 100100000, guid: a5e273bcf041b424080f261d5239754d, type: 3}
--- !u!1001 &604989275
PrefabInstance:
  m_ObjectHideFlags: 0
  serializedVersion: 2
  m_Modification:
    m_TransformParent: {fileID: 2106825117}
    m_Modifications:
    - target: {fileID: 6288380921436556269, guid: 4bad3db0f1a480a4d9761b3cebf435af,
        type: 3}
      propertyPath: m_LocalPosition.x
      value: 0.0527
      objectReference: {fileID: 0}
    - target: {fileID: 6288380921436556269, guid: 4bad3db0f1a480a4d9761b3cebf435af,
        type: 3}
      propertyPath: m_LocalPosition.y
      value: -0.0058
      objectReference: {fileID: 0}
    - target: {fileID: 6288380921436556269, guid: 4bad3db0f1a480a4d9761b3cebf435af,
        type: 3}
      propertyPath: m_LocalPosition.z
      value: 0.013
      objectReference: {fileID: 0}
    - target: {fileID: 6288380921436556269, guid: 4bad3db0f1a480a4d9761b3cebf435af,
        type: 3}
      propertyPath: m_LocalRotation.x
      value: -0.00017452026
      objectReference: {fileID: 0}
    - target: {fileID: 6288380921436556269, guid: 4bad3db0f1a480a4d9761b3cebf435af,
        type: 3}
      propertyPath: m_LocalRotation.y
      value: 0
      objectReference: {fileID: 0}
    - target: {fileID: 6288380921436556269, guid: 4bad3db0f1a480a4d9761b3cebf435af,
        type: 3}
      propertyPath: m_LocalRotation.z
      value: 0
      objectReference: {fileID: 0}
    - target: {fileID: 6288380921436556269, guid: 4bad3db0f1a480a4d9761b3cebf435af,
        type: 3}
      propertyPath: m_LocalRotation.w
      value: 1
      objectReference: {fileID: 0}
    - target: {fileID: 6288380921436556269, guid: 4bad3db0f1a480a4d9761b3cebf435af,
        type: 3}
      propertyPath: m_RootOrder
      value: 2
      objectReference: {fileID: 0}
    - target: {fileID: 6288380921436556269, guid: 4bad3db0f1a480a4d9761b3cebf435af,
        type: 3}
      propertyPath: m_LocalEulerAnglesHint.x
      value: -0.020000001
      objectReference: {fileID: 0}
    - target: {fileID: 6288380921436556269, guid: 4bad3db0f1a480a4d9761b3cebf435af,
        type: 3}
      propertyPath: m_LocalEulerAnglesHint.y
      value: 0
      objectReference: {fileID: 0}
    - target: {fileID: 6288380921436556269, guid: 4bad3db0f1a480a4d9761b3cebf435af,
        type: 3}
      propertyPath: m_LocalEulerAnglesHint.z
      value: 0
      objectReference: {fileID: 0}
    - target: {fileID: 6288380921436556269, guid: 4bad3db0f1a480a4d9761b3cebf435af,
        type: 3}
      propertyPath: m_LocalScale.x
      value: 1
      objectReference: {fileID: 0}
    - target: {fileID: 6288380921436556269, guid: 4bad3db0f1a480a4d9761b3cebf435af,
        type: 3}
      propertyPath: m_LocalScale.y
      value: 1
      objectReference: {fileID: 0}
    - target: {fileID: 6288380921436556269, guid: 4bad3db0f1a480a4d9761b3cebf435af,
        type: 3}
      propertyPath: m_LocalScale.z
      value: 1
      objectReference: {fileID: 0}
    - target: {fileID: 6998462951485553150, guid: 4bad3db0f1a480a4d9761b3cebf435af,
        type: 3}
      propertyPath: m_Name
      value: window
      objectReference: {fileID: 0}
    m_RemovedComponents: []
  m_SourcePrefab: {fileID: 100100000, guid: 4bad3db0f1a480a4d9761b3cebf435af, type: 3}
--- !u!1001 &653934931
PrefabInstance:
  m_ObjectHideFlags: 0
  serializedVersion: 2
  m_Modification:
    m_TransformParent: {fileID: 0}
    m_Modifications:
    - target: {fileID: 5749191854587411, guid: f0f503202954f1344b06fc661f1c4a75, type: 3}
      propertyPath: m_LocalPosition.x
      value: 10.51
      objectReference: {fileID: 0}
    - target: {fileID: 1549750768218003085, guid: f0f503202954f1344b06fc661f1c4a75,
        type: 3}
      propertyPath: m_LocalPosition.x
      value: -6.97
      objectReference: {fileID: 0}
    - target: {fileID: 2073258743114456501, guid: f0f503202954f1344b06fc661f1c4a75,
        type: 3}
      propertyPath: m_Name
      value: Trap (1)
      objectReference: {fileID: 0}
    - target: {fileID: 2268088818535811279, guid: f0f503202954f1344b06fc661f1c4a75,
        type: 3}
      propertyPath: m_LocalScale.x
      value: 472.4
      objectReference: {fileID: 0}
    - target: {fileID: 2268088818535811279, guid: f0f503202954f1344b06fc661f1c4a75,
        type: 3}
      propertyPath: m_LocalPosition.x
      value: -6.96
      objectReference: {fileID: 0}
    - target: {fileID: 6738248727049410633, guid: f0f503202954f1344b06fc661f1c4a75,
        type: 3}
      propertyPath: m_Size.x
      value: 18.4
      objectReference: {fileID: 0}
    - target: {fileID: 6738248727049410633, guid: f0f503202954f1344b06fc661f1c4a75,
        type: 3}
      propertyPath: m_Center.x
      value: 1.61
      objectReference: {fileID: 0}
    - target: {fileID: 8424869221566341101, guid: f0f503202954f1344b06fc661f1c4a75,
        type: 3}
      propertyPath: m_LocalPosition.x
      value: -11.52
      objectReference: {fileID: 0}
    - target: {fileID: 8424869221566341101, guid: f0f503202954f1344b06fc661f1c4a75,
        type: 3}
      propertyPath: m_LocalPosition.y
      value: 2.93
      objectReference: {fileID: 0}
    - target: {fileID: 8424869221566341101, guid: f0f503202954f1344b06fc661f1c4a75,
        type: 3}
      propertyPath: m_LocalPosition.z
      value: 10.71
      objectReference: {fileID: 0}
    - target: {fileID: 8424869221566341101, guid: f0f503202954f1344b06fc661f1c4a75,
        type: 3}
      propertyPath: m_LocalRotation.x
      value: 0
      objectReference: {fileID: 0}
    - target: {fileID: 8424869221566341101, guid: f0f503202954f1344b06fc661f1c4a75,
        type: 3}
      propertyPath: m_LocalRotation.y
      value: 0.7071068
      objectReference: {fileID: 0}
    - target: {fileID: 8424869221566341101, guid: f0f503202954f1344b06fc661f1c4a75,
        type: 3}
      propertyPath: m_LocalRotation.z
      value: 0
      objectReference: {fileID: 0}
    - target: {fileID: 8424869221566341101, guid: f0f503202954f1344b06fc661f1c4a75,
        type: 3}
      propertyPath: m_LocalRotation.w
      value: 0.7071068
      objectReference: {fileID: 0}
    - target: {fileID: 8424869221566341101, guid: f0f503202954f1344b06fc661f1c4a75,
        type: 3}
      propertyPath: m_RootOrder
      value: 13
      objectReference: {fileID: 0}
    - target: {fileID: 8424869221566341101, guid: f0f503202954f1344b06fc661f1c4a75,
        type: 3}
      propertyPath: m_LocalEulerAnglesHint.x
      value: 0
      objectReference: {fileID: 0}
    - target: {fileID: 8424869221566341101, guid: f0f503202954f1344b06fc661f1c4a75,
        type: 3}
      propertyPath: m_LocalEulerAnglesHint.y
      value: 90
      objectReference: {fileID: 0}
    - target: {fileID: 8424869221566341101, guid: f0f503202954f1344b06fc661f1c4a75,
        type: 3}
      propertyPath: m_LocalEulerAnglesHint.z
      value: 0
      objectReference: {fileID: 0}
    m_RemovedComponents: []
  m_SourcePrefab: {fileID: 100100000, guid: f0f503202954f1344b06fc661f1c4a75, type: 3}
--- !u!1001 &687745398
PrefabInstance:
  m_ObjectHideFlags: 0
  serializedVersion: 2
  m_Modification:
    m_TransformParent: {fileID: 767975424}
    m_Modifications:
    - target: {fileID: 1901471601784615237, guid: e35e258e3cd214d4eb7f7b91a659c7e5,
        type: 3}
      propertyPath: m_LocalPosition.x
      value: -0.0084914155
      objectReference: {fileID: 0}
    - target: {fileID: 1901471601784615237, guid: e35e258e3cd214d4eb7f7b91a659c7e5,
        type: 3}
      propertyPath: m_LocalPosition.y
      value: -0.00965198
      objectReference: {fileID: 0}
    - target: {fileID: 1901471601784615237, guid: e35e258e3cd214d4eb7f7b91a659c7e5,
        type: 3}
      propertyPath: m_LocalPosition.z
      value: 0.013376364
      objectReference: {fileID: 0}
    - target: {fileID: 1901471601784615237, guid: e35e258e3cd214d4eb7f7b91a659c7e5,
        type: 3}
      propertyPath: m_LocalRotation.x
      value: -0.00016081333
      objectReference: {fileID: 0}
    - target: {fileID: 1901471601784615237, guid: e35e258e3cd214d4eb7f7b91a659c7e5,
        type: 3}
      propertyPath: m_LocalRotation.y
      value: 0.000067830086
      objectReference: {fileID: 0}
    - target: {fileID: 1901471601784615237, guid: e35e258e3cd214d4eb7f7b91a659c7e5,
        type: 3}
      propertyPath: m_LocalRotation.z
      value: 0.38851207
      objectReference: {fileID: 0}
    - target: {fileID: 1901471601784615237, guid: e35e258e3cd214d4eb7f7b91a659c7e5,
        type: 3}
      propertyPath: m_LocalRotation.w
      value: 0.92144364
      objectReference: {fileID: 0}
    - target: {fileID: 1901471601784615237, guid: e35e258e3cd214d4eb7f7b91a659c7e5,
        type: 3}
      propertyPath: m_RootOrder
      value: 2
      objectReference: {fileID: 0}
    - target: {fileID: 1901471601784615237, guid: e35e258e3cd214d4eb7f7b91a659c7e5,
        type: 3}
      propertyPath: m_LocalEulerAnglesHint.x
      value: -90.00001
      objectReference: {fileID: 0}
    - target: {fileID: 1901471601784615237, guid: e35e258e3cd214d4eb7f7b91a659c7e5,
        type: 3}
      propertyPath: m_LocalEulerAnglesHint.y
      value: 0
      objectReference: {fileID: 0}
    - target: {fileID: 1901471601784615237, guid: e35e258e3cd214d4eb7f7b91a659c7e5,
        type: 3}
      propertyPath: m_LocalEulerAnglesHint.z
      value: -44.276
      objectReference: {fileID: 0}
    - target: {fileID: 1901471601784615237, guid: e35e258e3cd214d4eb7f7b91a659c7e5,
        type: 3}
      propertyPath: m_LocalScale.x
      value: 3
      objectReference: {fileID: 0}
    - target: {fileID: 1901471601784615237, guid: e35e258e3cd214d4eb7f7b91a659c7e5,
        type: 3}
      propertyPath: m_LocalScale.y
      value: 3
      objectReference: {fileID: 0}
    - target: {fileID: 1901471601784615237, guid: e35e258e3cd214d4eb7f7b91a659c7e5,
        type: 3}
      propertyPath: m_LocalScale.z
      value: 3
      objectReference: {fileID: 0}
    - target: {fileID: 3186362157328204630, guid: e35e258e3cd214d4eb7f7b91a659c7e5,
        type: 3}
      propertyPath: m_Name
      value: duck-1
      objectReference: {fileID: 0}
    m_RemovedComponents: []
  m_SourcePrefab: {fileID: 100100000, guid: e35e258e3cd214d4eb7f7b91a659c7e5, type: 3}
--- !u!1 &699238463
GameObject:
  m_ObjectHideFlags: 0
  m_CorrespondingSourceObject: {fileID: 0}
  m_PrefabInstance: {fileID: 0}
  m_PrefabAsset: {fileID: 0}
  serializedVersion: 6
  m_Component:
  - component: {fileID: 699238464}
  m_Layer: 0
  m_Name: Waypoint 1 (1)
  m_TagString: Untagged
  m_Icon: {fileID: 0}
  m_NavMeshLayer: 0
  m_StaticEditorFlags: 0
  m_IsActive: 1
--- !u!4 &699238464
Transform:
  m_ObjectHideFlags: 0
  m_CorrespondingSourceObject: {fileID: 0}
  m_PrefabInstance: {fileID: 0}
  m_PrefabAsset: {fileID: 0}
  m_GameObject: {fileID: 699238463}
  m_LocalRotation: {x: 0, y: 0.7071068, z: 0, w: 0.7071068}
  m_LocalPosition: {x: -10.34, y: 3.89, z: 17.45}
  m_LocalScale: {x: 1, y: 1, z: 1}
  m_Children: []
  m_Father: {fileID: 0}
  m_RootOrder: 16
  m_LocalEulerAnglesHint: {x: 0, y: 90, z: 0}
--- !u!1 &712573120
GameObject:
  m_ObjectHideFlags: 0
  m_CorrespondingSourceObject: {fileID: 0}
  m_PrefabInstance: {fileID: 0}
  m_PrefabAsset: {fileID: 0}
  serializedVersion: 6
  m_Component:
  - component: {fileID: 712573121}
  m_Layer: 0
  m_Name: Waypoint 2 (1)
  m_TagString: Untagged
  m_Icon: {fileID: 0}
  m_NavMeshLayer: 0
  m_StaticEditorFlags: 0
  m_IsActive: 1
--- !u!4 &712573121
Transform:
  m_ObjectHideFlags: 0
  m_CorrespondingSourceObject: {fileID: 0}
  m_PrefabInstance: {fileID: 0}
  m_PrefabAsset: {fileID: 0}
  m_GameObject: {fileID: 712573120}
  m_LocalRotation: {x: 0, y: 0.7071068, z: 0, w: 0.7071068}
  m_LocalPosition: {x: -1.84, y: 3.8899999, z: 17.45}
  m_LocalScale: {x: 1, y: 1, z: 1}
  m_Children: []
  m_Father: {fileID: 0}
  m_RootOrder: 17
  m_LocalEulerAnglesHint: {x: 0, y: 90, z: 0}
--- !u!4 &767975424 stripped
Transform:
  m_CorrespondingSourceObject: {fileID: 4400223457553689534, guid: 615b6557d8f1ec84080a924ad04fdc7f,
    type: 3}
  m_PrefabInstance: {fileID: 1941010326}
  m_PrefabAsset: {fileID: 0}
--- !u!1001 &949595986
PrefabInstance:
  m_ObjectHideFlags: 0
  serializedVersion: 2
  m_Modification:
    m_TransformParent: {fileID: 767975424}
    m_Modifications:
    - target: {fileID: 5605401845871323464, guid: 3c1ad2534c8b1bf4fb2618abd945b676,
        type: 3}
      propertyPath: m_Name
      value: plant_pot_01
      objectReference: {fileID: 0}
    - target: {fileID: 8903962394371054427, guid: 3c1ad2534c8b1bf4fb2618abd945b676,
        type: 3}
      propertyPath: m_LocalPosition.x
      value: 0.017596997
      objectReference: {fileID: 0}
    - target: {fileID: 8903962394371054427, guid: 3c1ad2534c8b1bf4fb2618abd945b676,
        type: 3}
      propertyPath: m_LocalPosition.y
      value: -0.00801
      objectReference: {fileID: 0}
    - target: {fileID: 8903962394371054427, guid: 3c1ad2534c8b1bf4fb2618abd945b676,
        type: 3}
      propertyPath: m_LocalPosition.z
      value: 0.01348
      objectReference: {fileID: 0}
    - target: {fileID: 8903962394371054427, guid: 3c1ad2534c8b1bf4fb2618abd945b676,
        type: 3}
      propertyPath: m_LocalRotation.x
      value: -0.00012344122
      objectReference: {fileID: 0}
    - target: {fileID: 8903962394371054427, guid: 3c1ad2534c8b1bf4fb2618abd945b676,
        type: 3}
      propertyPath: m_LocalRotation.y
      value: 0.00012332201
      objectReference: {fileID: 0}
    - target: {fileID: 8903962394371054427, guid: 3c1ad2534c8b1bf4fb2618abd945b676,
        type: 3}
      propertyPath: m_LocalRotation.z
      value: 0.70710677
      objectReference: {fileID: 0}
    - target: {fileID: 8903962394371054427, guid: 3c1ad2534c8b1bf4fb2618abd945b676,
        type: 3}
      propertyPath: m_LocalRotation.w
      value: 0.70710677
      objectReference: {fileID: 0}
    - target: {fileID: 8903962394371054427, guid: 3c1ad2534c8b1bf4fb2618abd945b676,
        type: 3}
      propertyPath: m_RootOrder
      value: 1
      objectReference: {fileID: 0}
    - target: {fileID: 8903962394371054427, guid: 3c1ad2534c8b1bf4fb2618abd945b676,
        type: 3}
      propertyPath: m_LocalEulerAnglesHint.x
      value: 0
      objectReference: {fileID: 0}
    - target: {fileID: 8903962394371054427, guid: 3c1ad2534c8b1bf4fb2618abd945b676,
        type: 3}
      propertyPath: m_LocalEulerAnglesHint.y
      value: 0
      objectReference: {fileID: 0}
    - target: {fileID: 8903962394371054427, guid: 3c1ad2534c8b1bf4fb2618abd945b676,
        type: 3}
      propertyPath: m_LocalEulerAnglesHint.z
      value: 0
      objectReference: {fileID: 0}
    - target: {fileID: 8903962394371054427, guid: 3c1ad2534c8b1bf4fb2618abd945b676,
        type: 3}
      propertyPath: m_LocalScale.x
      value: 1
      objectReference: {fileID: 0}
    - target: {fileID: 8903962394371054427, guid: 3c1ad2534c8b1bf4fb2618abd945b676,
        type: 3}
      propertyPath: m_LocalScale.y
      value: 1
      objectReference: {fileID: 0}
    - target: {fileID: 8903962394371054427, guid: 3c1ad2534c8b1bf4fb2618abd945b676,
        type: 3}
      propertyPath: m_LocalScale.z
      value: 1
      objectReference: {fileID: 0}
    m_RemovedComponents: []
  m_SourcePrefab: {fileID: 100100000, guid: 3c1ad2534c8b1bf4fb2618abd945b676, type: 3}
--- !u!1 &973576078
GameObject:
  m_ObjectHideFlags: 0
  m_CorrespondingSourceObject: {fileID: 0}
  m_PrefabInstance: {fileID: 0}
  m_PrefabAsset: {fileID: 0}
  serializedVersion: 6
  m_Component:
  - component: {fileID: 973576079}
  m_Layer: 0
  m_Name: Waypoint 1
  m_TagString: Untagged
  m_Icon: {fileID: 0}
  m_NavMeshLayer: 0
  m_StaticEditorFlags: 0
  m_IsActive: 1
--- !u!4 &973576079
Transform:
  m_ObjectHideFlags: 0
  m_CorrespondingSourceObject: {fileID: 0}
  m_PrefabInstance: {fileID: 0}
  m_PrefabAsset: {fileID: 0}
  m_GameObject: {fileID: 973576078}
  m_LocalRotation: {x: 0, y: 0.7071068, z: 0, w: 0.7071068}
  m_LocalPosition: {x: -13.34, y: 1.39, z: 17.45}
  m_LocalScale: {x: 1, y: 1, z: 1}
  m_Children: []
  m_Father: {fileID: 0}
  m_RootOrder: 11
  m_LocalEulerAnglesHint: {x: 0, y: 90, z: 0}
--- !u!1001 &1069895235
PrefabInstance:
  m_ObjectHideFlags: 0
  serializedVersion: 2
  m_Modification:
    m_TransformParent: {fileID: 0}
    m_Modifications:
    - target: {fileID: 5749191854587411, guid: f0f503202954f1344b06fc661f1c4a75, type: 3}
      propertyPath: m_LocalPosition.x
      value: 10.51
      objectReference: {fileID: 0}
    - target: {fileID: 1549750768218003085, guid: f0f503202954f1344b06fc661f1c4a75,
        type: 3}
      propertyPath: m_LocalPosition.x
      value: -6.97
      objectReference: {fileID: 0}
    - target: {fileID: 2073258743114456501, guid: f0f503202954f1344b06fc661f1c4a75,
        type: 3}
      propertyPath: m_Name
      value: Trap
      objectReference: {fileID: 0}
    - target: {fileID: 2268088818535811279, guid: f0f503202954f1344b06fc661f1c4a75,
        type: 3}
      propertyPath: m_LocalScale.x
      value: 472.4
      objectReference: {fileID: 0}
    - target: {fileID: 2268088818535811279, guid: f0f503202954f1344b06fc661f1c4a75,
        type: 3}
      propertyPath: m_LocalPosition.x
      value: -6.96
      objectReference: {fileID: 0}
    - target: {fileID: 6738248727049410633, guid: f0f503202954f1344b06fc661f1c4a75,
        type: 3}
      propertyPath: m_Size.x
      value: 18.4
      objectReference: {fileID: 0}
    - target: {fileID: 6738248727049410633, guid: f0f503202954f1344b06fc661f1c4a75,
        type: 3}
      propertyPath: m_Center.x
      value: 1.61
      objectReference: {fileID: 0}
    - target: {fileID: 8424869221566341101, guid: f0f503202954f1344b06fc661f1c4a75,
        type: 3}
      propertyPath: m_LocalPosition.x
      value: -10.793374
      objectReference: {fileID: 0}
    - target: {fileID: 8424869221566341101, guid: f0f503202954f1344b06fc661f1c4a75,
        type: 3}
      propertyPath: m_LocalPosition.y
      value: 0.99
      objectReference: {fileID: 0}
    - target: {fileID: 8424869221566341101, guid: f0f503202954f1344b06fc661f1c4a75,
        type: 3}
      propertyPath: m_LocalPosition.z
      value: 6.92
      objectReference: {fileID: 0}
    - target: {fileID: 8424869221566341101, guid: f0f503202954f1344b06fc661f1c4a75,
        type: 3}
      propertyPath: m_LocalRotation.x
      value: 0
      objectReference: {fileID: 0}
    - target: {fileID: 8424869221566341101, guid: f0f503202954f1344b06fc661f1c4a75,
        type: 3}
      propertyPath: m_LocalRotation.y
      value: 0
      objectReference: {fileID: 0}
    - target: {fileID: 8424869221566341101, guid: f0f503202954f1344b06fc661f1c4a75,
        type: 3}
      propertyPath: m_LocalRotation.z
      value: 0
      objectReference: {fileID: 0}
    - target: {fileID: 8424869221566341101, guid: f0f503202954f1344b06fc661f1c4a75,
        type: 3}
      propertyPath: m_LocalRotation.w
      value: 1
      objectReference: {fileID: 0}
    - target: {fileID: 8424869221566341101, guid: f0f503202954f1344b06fc661f1c4a75,
        type: 3}
      propertyPath: m_RootOrder
      value: 18
      objectReference: {fileID: 0}
    - target: {fileID: 8424869221566341101, guid: f0f503202954f1344b06fc661f1c4a75,
        type: 3}
      propertyPath: m_LocalEulerAnglesHint.x
      value: 0
      objectReference: {fileID: 0}
    - target: {fileID: 8424869221566341101, guid: f0f503202954f1344b06fc661f1c4a75,
        type: 3}
      propertyPath: m_LocalEulerAnglesHint.y
      value: 0
      objectReference: {fileID: 0}
    - target: {fileID: 8424869221566341101, guid: f0f503202954f1344b06fc661f1c4a75,
        type: 3}
      propertyPath: m_LocalEulerAnglesHint.z
      value: 0
      objectReference: {fileID: 0}
    m_RemovedComponents: []
  m_SourcePrefab: {fileID: 100100000, guid: f0f503202954f1344b06fc661f1c4a75, type: 3}
--- !u!1 &1155516290
GameObject:
  m_ObjectHideFlags: 0
  m_CorrespondingSourceObject: {fileID: 0}
  m_PrefabInstance: {fileID: 0}
  m_PrefabAsset: {fileID: 0}
  serializedVersion: 6
  m_Component:
  - component: {fileID: 1155516292}
  - component: {fileID: 1155516291}
  m_Layer: 0
  m_Name: Directional Light
  m_TagString: Untagged
  m_Icon: {fileID: 0}
  m_NavMeshLayer: 0
  m_StaticEditorFlags: 0
  m_IsActive: 1
--- !u!108 &1155516291
Light:
  m_ObjectHideFlags: 0
  m_CorrespondingSourceObject: {fileID: 0}
  m_PrefabInstance: {fileID: 0}
  m_PrefabAsset: {fileID: 0}
  m_GameObject: {fileID: 1155516290}
  m_Enabled: 1
  serializedVersion: 10
  m_Type: 1
  m_Shape: 0
  m_Color: {r: 1, g: 0.95686275, b: 0.8392157, a: 1}
  m_Intensity: 1
  m_Range: 10
  m_SpotAngle: 30
  m_InnerSpotAngle: 21.80208
  m_CookieSize: 10
  m_Shadows:
    m_Type: 2
    m_Resolution: -1
    m_CustomResolution: -1
    m_Strength: 1
    m_Bias: 0.05
    m_NormalBias: 0.4
    m_NearPlane: 0.2
    m_CullingMatrixOverride:
      e00: 1
      e01: 0
      e02: 0
      e03: 0
      e10: 0
      e11: 1
      e12: 0
      e13: 0
      e20: 0
      e21: 0
      e22: 1
      e23: 0
      e30: 0
      e31: 0
      e32: 0
      e33: 1
    m_UseCullingMatrixOverride: 0
  m_Cookie: {fileID: 0}
  m_DrawHalo: 0
  m_Flare: {fileID: 0}
  m_RenderMode: 0
  m_CullingMask:
    serializedVersion: 2
    m_Bits: 4294967295
  m_RenderingLayerMask: 1
  m_Lightmapping: 4
  m_LightShadowCasterMode: 0
  m_AreaSize: {x: 1, y: 1}
  m_BounceIntensity: 1
  m_ColorTemperature: 6570
  m_UseColorTemperature: 0
  m_BoundingSphereOverride: {x: 0, y: 0, z: 0, w: 0}
  m_UseBoundingSphereOverride: 0
  m_ShadowRadius: 0
  m_ShadowAngle: 0
--- !u!4 &1155516292
Transform:
  m_ObjectHideFlags: 0
  m_CorrespondingSourceObject: {fileID: 0}
  m_PrefabInstance: {fileID: 0}
  m_PrefabAsset: {fileID: 0}
  m_GameObject: {fileID: 1155516290}
  m_LocalRotation: {x: 0.40821788, y: -0.23456968, z: 0.10938163, w: 0.8754261}
  m_LocalPosition: {x: 0, y: 3, z: 0}
  m_LocalScale: {x: 1, y: 1, z: 1}
  m_Children: []
  m_Father: {fileID: 0}
  m_RootOrder: 0
  m_LocalEulerAnglesHint: {x: 50, y: -30, z: 0}
--- !u!1001 &1249353882
PrefabInstance:
  m_ObjectHideFlags: 0
  serializedVersion: 2
  m_Modification:
    m_TransformParent: {fileID: 767975424}
    m_Modifications:
    - target: {fileID: 1678985964931678759, guid: a89913e63df91444399786381648252e,
        type: 3}
      propertyPath: m_LocalPosition.x
      value: 0.0027
      objectReference: {fileID: 0}
    - target: {fileID: 1678985964931678759, guid: a89913e63df91444399786381648252e,
        type: 3}
      propertyPath: m_LocalPosition.y
      value: -0.004
      objectReference: {fileID: 0}
    - target: {fileID: 1678985964931678759, guid: a89913e63df91444399786381648252e,
        type: 3}
      propertyPath: m_LocalPosition.z
      value: 0.0125
      objectReference: {fileID: 0}
    - target: {fileID: 1678985964931678759, guid: a89913e63df91444399786381648252e,
        type: 3}
      propertyPath: m_LocalRotation.x
      value: -0.00017452026
      objectReference: {fileID: 0}
    - target: {fileID: 1678985964931678759, guid: a89913e63df91444399786381648252e,
        type: 3}
      propertyPath: m_LocalRotation.y
      value: 0
      objectReference: {fileID: 0}
    - target: {fileID: 1678985964931678759, guid: a89913e63df91444399786381648252e,
        type: 3}
      propertyPath: m_LocalRotation.z
      value: 0
      objectReference: {fileID: 0}
    - target: {fileID: 1678985964931678759, guid: a89913e63df91444399786381648252e,
        type: 3}
      propertyPath: m_LocalRotation.w
      value: 1
      objectReference: {fileID: 0}
    - target: {fileID: 1678985964931678759, guid: a89913e63df91444399786381648252e,
        type: 3}
      propertyPath: m_RootOrder
      value: 0
      objectReference: {fileID: 0}
    - target: {fileID: 1678985964931678759, guid: a89913e63df91444399786381648252e,
        type: 3}
      propertyPath: m_LocalEulerAnglesHint.x
      value: -0.020000001
      objectReference: {fileID: 0}
    - target: {fileID: 1678985964931678759, guid: a89913e63df91444399786381648252e,
        type: 3}
      propertyPath: m_LocalEulerAnglesHint.y
      value: 0
      objectReference: {fileID: 0}
    - target: {fileID: 1678985964931678759, guid: a89913e63df91444399786381648252e,
        type: 3}
      propertyPath: m_LocalEulerAnglesHint.z
      value: 0
      objectReference: {fileID: 0}
    - target: {fileID: 1678985964931678759, guid: a89913e63df91444399786381648252e,
        type: 3}
      propertyPath: m_LocalScale.x
      value: 2.1264272
      objectReference: {fileID: 0}
    - target: {fileID: 1678985964931678759, guid: a89913e63df91444399786381648252e,
        type: 3}
      propertyPath: m_LocalScale.y
      value: 0.51974887
      objectReference: {fileID: 0}
    - target: {fileID: 1678985964931678759, guid: a89913e63df91444399786381648252e,
        type: 3}
      propertyPath: m_LocalScale.z
      value: 0.108390994
      objectReference: {fileID: 0}
    - target: {fileID: 2384564803508662324, guid: a89913e63df91444399786381648252e,
        type: 3}
      propertyPath: m_Name
      value: shelf
      objectReference: {fileID: 0}
    m_RemovedComponents: []
  m_SourcePrefab: {fileID: 100100000, guid: a89913e63df91444399786381648252e, type: 3}
--- !u!1 &1281384233 stripped
GameObject:
  m_CorrespondingSourceObject: {fileID: 2666606526664118281, guid: 0b7c444b67beaaf488eb87290f0d081b,
    type: 3}
  m_PrefabInstance: {fileID: 1628564669}
  m_PrefabAsset: {fileID: 0}
--- !u!114 &1281384235
MonoBehaviour:
  m_ObjectHideFlags: 0
  m_CorrespondingSourceObject: {fileID: 0}
  m_PrefabInstance: {fileID: 0}
  m_PrefabAsset: {fileID: 0}
  m_GameObject: {fileID: 1281384233}
  m_Enabled: 1
  m_EditorHideFlags: 0
  m_Script: {fileID: 11500000, guid: bceef544f78fdae46b9de524ae888770, type: 3}
  m_Name: 
  m_EditorClassIdentifier: 
  ColliderPool: []
  GlobalKey: 0
  LocalKey1: 1
  LocalKey2: 0
  LocalKey3: 1
  isPillar: 0
  SetScale: {x: 0, y: 0, z: 0}
  StartScale: {x: 0, y: 0, z: 0}
  SpeedLerp: 7
--- !u!1 &1302028125
GameObject:
  m_ObjectHideFlags: 0
  m_CorrespondingSourceObject: {fileID: 0}
  m_PrefabInstance: {fileID: 0}
  m_PrefabAsset: {fileID: 0}
  serializedVersion: 6
  m_Component:
  - component: {fileID: 1302028126}
  m_Layer: 0
  m_Name: Waypoint 1
  m_TagString: Untagged
  m_Icon: {fileID: 0}
  m_NavMeshLayer: 0
  m_StaticEditorFlags: 0
  m_IsActive: 1
--- !u!4 &1302028126
Transform:
  m_ObjectHideFlags: 0
  m_CorrespondingSourceObject: {fileID: 0}
  m_PrefabInstance: {fileID: 0}
  m_PrefabAsset: {fileID: 0}
  m_GameObject: {fileID: 1302028125}
  m_LocalRotation: {x: 0, y: 0, z: 0, w: 1}
  m_LocalPosition: {x: -17.29, y: 5.5, z: 12.75}
  m_LocalScale: {x: 1, y: 1, z: 1}
  m_Children: []
  m_Father: {fileID: 0}
  m_RootOrder: 9
  m_LocalEulerAnglesHint: {x: 0, y: 0, z: 0}
--- !u!1001 &1598568836
PrefabInstance:
  m_ObjectHideFlags: 0
  serializedVersion: 2
  m_Modification:
    m_TransformParent: {fileID: 2106825117}
    m_Modifications:
    - target: {fileID: 1867638263802141739, guid: a5e273bcf041b424080f261d5239754d,
        type: 3}
      propertyPath: m_Name
      value: picture6
      objectReference: {fileID: 0}
    - target: {fileID: 3436377099824033336, guid: a5e273bcf041b424080f261d5239754d,
        type: 3}
      propertyPath: m_LocalPosition.x
      value: 0.021093564
      objectReference: {fileID: 0}
    - target: {fileID: 3436377099824033336, guid: a5e273bcf041b424080f261d5239754d,
        type: 3}
      propertyPath: m_LocalPosition.y
      value: -0.005869361
      objectReference: {fileID: 0}
    - target: {fileID: 3436377099824033336, guid: a5e273bcf041b424080f261d5239754d,
        type: 3}
      propertyPath: m_LocalPosition.z
      value: 0.008498087
      objectReference: {fileID: 0}
    - target: {fileID: 3436377099824033336, guid: a5e273bcf041b424080f261d5239754d,
        type: 3}
      propertyPath: m_LocalRotation.x
      value: -0.00017452026
      objectReference: {fileID: 0}
    - target: {fileID: 3436377099824033336, guid: a5e273bcf041b424080f261d5239754d,
        type: 3}
      propertyPath: m_LocalRotation.y
      value: 0
      objectReference: {fileID: 0}
    - target: {fileID: 3436377099824033336, guid: a5e273bcf041b424080f261d5239754d,
        type: 3}
      propertyPath: m_LocalRotation.z
      value: 0
      objectReference: {fileID: 0}
    - target: {fileID: 3436377099824033336, guid: a5e273bcf041b424080f261d5239754d,
        type: 3}
      propertyPath: m_LocalRotation.w
      value: 1
      objectReference: {fileID: 0}
    - target: {fileID: 3436377099824033336, guid: a5e273bcf041b424080f261d5239754d,
        type: 3}
      propertyPath: m_RootOrder
      value: 0
      objectReference: {fileID: 0}
    - target: {fileID: 3436377099824033336, guid: a5e273bcf041b424080f261d5239754d,
        type: 3}
      propertyPath: m_LocalEulerAnglesHint.x
      value: -0.020000001
      objectReference: {fileID: 0}
    - target: {fileID: 3436377099824033336, guid: a5e273bcf041b424080f261d5239754d,
        type: 3}
      propertyPath: m_LocalEulerAnglesHint.y
      value: 0
      objectReference: {fileID: 0}
    - target: {fileID: 3436377099824033336, guid: a5e273bcf041b424080f261d5239754d,
        type: 3}
      propertyPath: m_LocalEulerAnglesHint.z
      value: 0
      objectReference: {fileID: 0}
    - target: {fileID: 3436377099824033336, guid: a5e273bcf041b424080f261d5239754d,
        type: 3}
      propertyPath: m_LocalScale.x
      value: 1.5737144
      objectReference: {fileID: 0}
    - target: {fileID: 3436377099824033336, guid: a5e273bcf041b424080f261d5239754d,
        type: 3}
      propertyPath: m_LocalScale.y
      value: 0.08675912
      objectReference: {fileID: 0}
    - target: {fileID: 3436377099824033336, guid: a5e273bcf041b424080f261d5239754d,
        type: 3}
      propertyPath: m_LocalScale.z
      value: 1
      objectReference: {fileID: 0}
    m_RemovedComponents: []
  m_SourcePrefab: {fileID: 100100000, guid: a5e273bcf041b424080f261d5239754d, type: 3}
--- !u!1001 &1628564669
PrefabInstance:
  m_ObjectHideFlags: 0
  serializedVersion: 2
  m_Modification:
    m_TransformParent: {fileID: 0}
    m_Modifications:
    - target: {fileID: 199582904272227545, guid: 0b7c444b67beaaf488eb87290f0d081b,
        type: 3}
      propertyPath: ObjectPoints.Array.size
      value: 2
      objectReference: {fileID: 0}
    - target: {fileID: 199582904272227545, guid: 0b7c444b67beaaf488eb87290f0d081b,
        type: 3}
      propertyPath: ObjectPoints.Array.data[0]
      value: 
      objectReference: {fileID: 973576078}
    - target: {fileID: 199582904272227545, guid: 0b7c444b67beaaf488eb87290f0d081b,
        type: 3}
      propertyPath: ObjectPoints.Array.data[1]
      value: 
      objectReference: {fileID: 244599426}
    - target: {fileID: 199582904272227545, guid: 0b7c444b67beaaf488eb87290f0d081b,
        type: 3}
      propertyPath: ObjectPoints.Array.data[2]
      value: 
      objectReference: {fileID: 0}
    - target: {fileID: 199582904272227545, guid: 0b7c444b67beaaf488eb87290f0d081b,
        type: 3}
      propertyPath: MovingSpeed
      value: 7
      objectReference: {fileID: 0}
    - target: {fileID: 880272610124584134, guid: 0b7c444b67beaaf488eb87290f0d081b,
        type: 3}
      propertyPath: m_LocalScale.x
      value: 462.1
      objectReference: {fileID: 0}
    - target: {fileID: 1120046461319954876, guid: 0b7c444b67beaaf488eb87290f0d081b,
        type: 3}
      propertyPath: m_Name
      value: TrapMove Variant
      objectReference: {fileID: 0}
    - target: {fileID: 1394683603456844314, guid: 0b7c444b67beaaf488eb87290f0d081b,
        type: 3}
      propertyPath: m_LocalPosition.x
      value: 17.18
      objectReference: {fileID: 0}
    - target: {fileID: 5678357437806380096, guid: 0b7c444b67beaaf488eb87290f0d081b,
        type: 3}
      propertyPath: m_Size.x
      value: 17.066969
      objectReference: {fileID: 0}
    - target: {fileID: 5678357437806380096, guid: 0b7c444b67beaaf488eb87290f0d081b,
        type: 3}
      propertyPath: m_Center.x
      value: 8.364232
      objectReference: {fileID: 0}
    - target: {fileID: 7468551953831871460, guid: 0b7c444b67beaaf488eb87290f0d081b,
        type: 3}
      propertyPath: m_LocalPosition.x
      value: -13.34
      objectReference: {fileID: 0}
    - target: {fileID: 7468551953831871460, guid: 0b7c444b67beaaf488eb87290f0d081b,
        type: 3}
      propertyPath: m_LocalPosition.y
      value: 1.39
      objectReference: {fileID: 0}
    - target: {fileID: 7468551953831871460, guid: 0b7c444b67beaaf488eb87290f0d081b,
        type: 3}
      propertyPath: m_LocalPosition.z
      value: 17.45
      objectReference: {fileID: 0}
    - target: {fileID: 7468551953831871460, guid: 0b7c444b67beaaf488eb87290f0d081b,
        type: 3}
      propertyPath: m_LocalRotation.x
      value: 0
      objectReference: {fileID: 0}
    - target: {fileID: 7468551953831871460, guid: 0b7c444b67beaaf488eb87290f0d081b,
        type: 3}
      propertyPath: m_LocalRotation.y
      value: 0.7071068
      objectReference: {fileID: 0}
    - target: {fileID: 7468551953831871460, guid: 0b7c444b67beaaf488eb87290f0d081b,
        type: 3}
      propertyPath: m_LocalRotation.z
      value: 0
      objectReference: {fileID: 0}
    - target: {fileID: 7468551953831871460, guid: 0b7c444b67beaaf488eb87290f0d081b,
        type: 3}
      propertyPath: m_LocalRotation.w
      value: 0.7071068
      objectReference: {fileID: 0}
    - target: {fileID: 7468551953831871460, guid: 0b7c444b67beaaf488eb87290f0d081b,
        type: 3}
      propertyPath: m_RootOrder
      value: 15
      objectReference: {fileID: 0}
    - target: {fileID: 7468551953831871460, guid: 0b7c444b67beaaf488eb87290f0d081b,
        type: 3}
      propertyPath: m_LocalEulerAnglesHint.x
      value: 0
      objectReference: {fileID: 0}
    - target: {fileID: 7468551953831871460, guid: 0b7c444b67beaaf488eb87290f0d081b,
        type: 3}
      propertyPath: m_LocalEulerAnglesHint.y
      value: 90
      objectReference: {fileID: 0}
    - target: {fileID: 7468551953831871460, guid: 0b7c444b67beaaf488eb87290f0d081b,
        type: 3}
      propertyPath: m_LocalEulerAnglesHint.z
      value: 0
      objectReference: {fileID: 0}
    m_RemovedComponents: []
  m_SourcePrefab: {fileID: 100100000, guid: 0b7c444b67beaaf488eb87290f0d081b, type: 3}
--- !u!1 &1667756277 stripped
GameObject:
  m_CorrespondingSourceObject: {fileID: 3500438483476199575, guid: 0b7c444b67beaaf488eb87290f0d081b,
    type: 3}
  m_PrefabInstance: {fileID: 1859548265}
  m_PrefabAsset: {fileID: 0}
--- !u!114 &1667756279
MonoBehaviour:
  m_ObjectHideFlags: 0
  m_CorrespondingSourceObject: {fileID: 0}
  m_PrefabInstance: {fileID: 0}
  m_PrefabAsset: {fileID: 0}
  m_GameObject: {fileID: 1667756277}
  m_Enabled: 1
  m_EditorHideFlags: 0
  m_Script: {fileID: 11500000, guid: bceef544f78fdae46b9de524ae888770, type: 3}
  m_Name: 
  m_EditorClassIdentifier: 
  ColliderPool: []
  GlobalKey: 0
  LocalKey1: 3
  LocalKey2: 2
  LocalKey3: 0
  isPillar: 0
  SetScale: {x: 0, y: 0, z: 0}
  StartScale: {x: 0, y: 0, z: 0}
  SpeedLerp: 7
--- !u!1001 &1730190531
PrefabInstance:
  m_ObjectHideFlags: 0
  serializedVersion: 2
  m_Modification:
    m_TransformParent: {fileID: 0}
    m_Modifications:
    - target: {fileID: 8947478099798191856, guid: 39aea982ceca249428f6acc921b83283,
        type: 3}
      propertyPath: m_LocalPosition.x
      value: -8.9987
      objectReference: {fileID: 0}
    - target: {fileID: 8947478099798191856, guid: 39aea982ceca249428f6acc921b83283,
        type: 3}
      propertyPath: m_LocalPosition.y
      value: 0
      objectReference: {fileID: 0}
    - target: {fileID: 8947478099798191856, guid: 39aea982ceca249428f6acc921b83283,
        type: 3}
      propertyPath: m_LocalPosition.z
      value: 8.9987
      objectReference: {fileID: 0}
    - target: {fileID: 8947478099798191856, guid: 39aea982ceca249428f6acc921b83283,
        type: 3}
      propertyPath: m_LocalRotation.x
      value: 0
      objectReference: {fileID: 0}
    - target: {fileID: 8947478099798191856, guid: 39aea982ceca249428f6acc921b83283,
        type: 3}
      propertyPath: m_LocalRotation.y
      value: 0
      objectReference: {fileID: 0}
    - target: {fileID: 8947478099798191856, guid: 39aea982ceca249428f6acc921b83283,
        type: 3}
      propertyPath: m_LocalRotation.z
      value: 0
      objectReference: {fileID: 0}
    - target: {fileID: 8947478099798191856, guid: 39aea982ceca249428f6acc921b83283,
        type: 3}
      propertyPath: m_LocalRotation.w
      value: 1
      objectReference: {fileID: 0}
    - target: {fileID: 8947478099798191856, guid: 39aea982ceca249428f6acc921b83283,
        type: 3}
      propertyPath: m_RootOrder
      value: 5
      objectReference: {fileID: 0}
    - target: {fileID: 8947478099798191856, guid: 39aea982ceca249428f6acc921b83283,
        type: 3}
      propertyPath: m_LocalEulerAnglesHint.x
      value: 0
      objectReference: {fileID: 0}
    - target: {fileID: 8947478099798191856, guid: 39aea982ceca249428f6acc921b83283,
        type: 3}
      propertyPath: m_LocalEulerAnglesHint.y
      value: 0
      objectReference: {fileID: 0}
    - target: {fileID: 8947478099798191856, guid: 39aea982ceca249428f6acc921b83283,
        type: 3}
      propertyPath: m_LocalEulerAnglesHint.z
      value: 0
      objectReference: {fileID: 0}
    - target: {fileID: 8947478099798191858, guid: 39aea982ceca249428f6acc921b83283,
        type: 3}
      propertyPath: m_Name
      value: CameraRig
      objectReference: {fileID: 0}
    - target: {fileID: 8947478100137681489, guid: 39aea982ceca249428f6acc921b83283,
        type: 3}
      propertyPath: m_BackGroundColor.r
      value: 0.1882353
      objectReference: {fileID: 0}
    - target: {fileID: 8947478100137681489, guid: 39aea982ceca249428f6acc921b83283,
        type: 3}
      propertyPath: m_BackGroundColor.g
      value: 0.2
      objectReference: {fileID: 0}
    - target: {fileID: 8947478100137681489, guid: 39aea982ceca249428f6acc921b83283,
        type: 3}
      propertyPath: m_BackGroundColor.b
      value: 0.21568628
      objectReference: {fileID: 0}
    m_RemovedComponents: []
  m_SourcePrefab: {fileID: 100100000, guid: 39aea982ceca249428f6acc921b83283, type: 3}
--- !u!1 &1731790413
GameObject:
  m_ObjectHideFlags: 0
  m_CorrespondingSourceObject: {fileID: 0}
  m_PrefabInstance: {fileID: 0}
  m_PrefabAsset: {fileID: 0}
  serializedVersion: 6
  m_Component:
  - component: {fileID: 1731790414}
  m_Layer: 0
  m_Name: Waypoint 2
  m_TagString: Untagged
  m_Icon: {fileID: 0}
  m_NavMeshLayer: 0
  m_StaticEditorFlags: 0
  m_IsActive: 1
--- !u!4 &1731790414
Transform:
  m_ObjectHideFlags: 0
  m_CorrespondingSourceObject: {fileID: 0}
  m_PrefabInstance: {fileID: 0}
  m_PrefabAsset: {fileID: 0}
  m_GameObject: {fileID: 1731790413}
  m_LocalRotation: {x: 0, y: 0, z: 0, w: 1}
  m_LocalPosition: {x: -17.45, y: 5.5, z: 3.25}
  m_LocalScale: {x: 1, y: 1, z: 1}
  m_Children: []
  m_Father: {fileID: 0}
  m_RootOrder: 10
  m_LocalEulerAnglesHint: {x: 0, y: 0, z: 0}
--- !u!1 &1792612912 stripped
GameObject:
  m_CorrespondingSourceObject: {fileID: 2666606526664118281, guid: 0b7c444b67beaaf488eb87290f0d081b,
    type: 3}
  m_PrefabInstance: {fileID: 1859548265}
  m_PrefabAsset: {fileID: 0}
--- !u!114 &1792612914
MonoBehaviour:
  m_ObjectHideFlags: 0
  m_CorrespondingSourceObject: {fileID: 0}
  m_PrefabInstance: {fileID: 0}
  m_PrefabAsset: {fileID: 0}
  m_GameObject: {fileID: 1792612912}
  m_Enabled: 1
  m_EditorHideFlags: 0
  m_Script: {fileID: 11500000, guid: bceef544f78fdae46b9de524ae888770, type: 3}
  m_Name: 
  m_EditorClassIdentifier: 
  ColliderPool: []
  GlobalKey: 0
  LocalKey1: 1
  LocalKey2: 0
  LocalKey3: 0
  isPillar: 0
  SetScale: {x: 0, y: 0, z: 0}
  StartScale: {x: 0, y: 0, z: 0}
  SpeedLerp: 7
--- !u!1001 &1804685993
PrefabInstance:
  m_ObjectHideFlags: 0
  serializedVersion: 2
  m_Modification:
    m_TransformParent: {fileID: 0}
    m_Modifications:
    - target: {fileID: 4669370384933962476, guid: d74b5f757b6fe224db2aaea856c2f512,
        type: 3}
      propertyPath: m_Name
      value: floor
      objectReference: {fileID: 0}
    - target: {fileID: 8545499447711314175, guid: d74b5f757b6fe224db2aaea856c2f512,
        type: 3}
      propertyPath: m_LocalPosition.x
      value: -0.000026703
      objectReference: {fileID: 0}
    - target: {fileID: 8545499447711314175, guid: d74b5f757b6fe224db2aaea856c2f512,
        type: 3}
      propertyPath: m_LocalPosition.y
      value: -0.0074787
      objectReference: {fileID: 0}
    - target: {fileID: 8545499447711314175, guid: d74b5f757b6fe224db2aaea856c2f512,
        type: 3}
      propertyPath: m_LocalPosition.z
      value: 0.00030053
      objectReference: {fileID: 0}
    - target: {fileID: 8545499447711314175, guid: d74b5f757b6fe224db2aaea856c2f512,
        type: 3}
      propertyPath: m_LocalRotation.x
      value: -0.7071068
      objectReference: {fileID: 0}
    - target: {fileID: 8545499447711314175, guid: d74b5f757b6fe224db2aaea856c2f512,
        type: 3}
      propertyPath: m_LocalRotation.y
      value: 0
      objectReference: {fileID: 0}
    - target: {fileID: 8545499447711314175, guid: d74b5f757b6fe224db2aaea856c2f512,
        type: 3}
      propertyPath: m_LocalRotation.z
      value: -0
      objectReference: {fileID: 0}
    - target: {fileID: 8545499447711314175, guid: d74b5f757b6fe224db2aaea856c2f512,
        type: 3}
      propertyPath: m_LocalRotation.w
      value: 0.7071067
      objectReference: {fileID: 0}
    - target: {fileID: 8545499447711314175, guid: d74b5f757b6fe224db2aaea856c2f512,
        type: 3}
      propertyPath: m_RootOrder
      value: 2
      objectReference: {fileID: 0}
    - target: {fileID: 8545499447711314175, guid: d74b5f757b6fe224db2aaea856c2f512,
        type: 3}
      propertyPath: m_LocalEulerAnglesHint.x
      value: 0
      objectReference: {fileID: 0}
    - target: {fileID: 8545499447711314175, guid: d74b5f757b6fe224db2aaea856c2f512,
        type: 3}
      propertyPath: m_LocalEulerAnglesHint.y
      value: 0
      objectReference: {fileID: 0}
    - target: {fileID: 8545499447711314175, guid: d74b5f757b6fe224db2aaea856c2f512,
        type: 3}
      propertyPath: m_LocalEulerAnglesHint.z
      value: 0
      objectReference: {fileID: 0}
    m_RemovedComponents: []
  m_SourcePrefab: {fileID: 100100000, guid: d74b5f757b6fe224db2aaea856c2f512, type: 3}
--- !u!1001 &1859548265
PrefabInstance:
  m_ObjectHideFlags: 0
  serializedVersion: 2
  m_Modification:
    m_TransformParent: {fileID: 0}
    m_Modifications:
    - target: {fileID: 199582904272227545, guid: 0b7c444b67beaaf488eb87290f0d081b,
        type: 3}
      propertyPath: ObjectPoints.Array.size
      value: 2
      objectReference: {fileID: 0}
    - target: {fileID: 199582904272227545, guid: 0b7c444b67beaaf488eb87290f0d081b,
        type: 3}
      propertyPath: ObjectPoints.Array.data[0]
      value: 
      objectReference: {fileID: 699238463}
    - target: {fileID: 199582904272227545, guid: 0b7c444b67beaaf488eb87290f0d081b,
        type: 3}
      propertyPath: ObjectPoints.Array.data[1]
      value: 
      objectReference: {fileID: 712573120}
    - target: {fileID: 199582904272227545, guid: 0b7c444b67beaaf488eb87290f0d081b,
        type: 3}
      propertyPath: ObjectPoints.Array.data[2]
      value: 
      objectReference: {fileID: 0}
    - target: {fileID: 199582904272227545, guid: 0b7c444b67beaaf488eb87290f0d081b,
        type: 3}
      propertyPath: MovingSpeed
      value: 7
      objectReference: {fileID: 0}
    - target: {fileID: 880272610124584134, guid: 0b7c444b67beaaf488eb87290f0d081b,
        type: 3}
      propertyPath: m_LocalScale.x
      value: 462.1
      objectReference: {fileID: 0}
    - target: {fileID: 1120046461319954876, guid: 0b7c444b67beaaf488eb87290f0d081b,
        type: 3}
      propertyPath: m_Name
      value: TrapMove Variant (1)
      objectReference: {fileID: 0}
    - target: {fileID: 1394683603456844314, guid: 0b7c444b67beaaf488eb87290f0d081b,
        type: 3}
      propertyPath: m_LocalPosition.x
      value: 17.18
      objectReference: {fileID: 0}
    - target: {fileID: 5678357437806380096, guid: 0b7c444b67beaaf488eb87290f0d081b,
        type: 3}
      propertyPath: m_Size.x
      value: 17.066969
      objectReference: {fileID: 0}
    - target: {fileID: 5678357437806380096, guid: 0b7c444b67beaaf488eb87290f0d081b,
        type: 3}
      propertyPath: m_Center.x
      value: 8.364232
      objectReference: {fileID: 0}
    - target: {fileID: 7468551953831871460, guid: 0b7c444b67beaaf488eb87290f0d081b,
        type: 3}
      propertyPath: m_LocalPosition.x
      value: -9.34
      objectReference: {fileID: 0}
    - target: {fileID: 7468551953831871460, guid: 0b7c444b67beaaf488eb87290f0d081b,
        type: 3}
      propertyPath: m_LocalPosition.y
      value: 4.14
      objectReference: {fileID: 0}
    - target: {fileID: 7468551953831871460, guid: 0b7c444b67beaaf488eb87290f0d081b,
        type: 3}
      propertyPath: m_LocalPosition.z
      value: 17.45
      objectReference: {fileID: 0}
    - target: {fileID: 7468551953831871460, guid: 0b7c444b67beaaf488eb87290f0d081b,
        type: 3}
      propertyPath: m_LocalRotation.x
      value: 0
      objectReference: {fileID: 0}
    - target: {fileID: 7468551953831871460, guid: 0b7c444b67beaaf488eb87290f0d081b,
        type: 3}
      propertyPath: m_LocalRotation.y
      value: 0.7071068
      objectReference: {fileID: 0}
    - target: {fileID: 7468551953831871460, guid: 0b7c444b67beaaf488eb87290f0d081b,
        type: 3}
      propertyPath: m_LocalRotation.z
      value: 0
      objectReference: {fileID: 0}
    - target: {fileID: 7468551953831871460, guid: 0b7c444b67beaaf488eb87290f0d081b,
        type: 3}
      propertyPath: m_LocalRotation.w
      value: 0.7071068
      objectReference: {fileID: 0}
    - target: {fileID: 7468551953831871460, guid: 0b7c444b67beaaf488eb87290f0d081b,
        type: 3}
      propertyPath: m_RootOrder
      value: 14
      objectReference: {fileID: 0}
    - target: {fileID: 7468551953831871460, guid: 0b7c444b67beaaf488eb87290f0d081b,
        type: 3}
      propertyPath: m_LocalEulerAnglesHint.x
      value: 0
      objectReference: {fileID: 0}
    - target: {fileID: 7468551953831871460, guid: 0b7c444b67beaaf488eb87290f0d081b,
        type: 3}
      propertyPath: m_LocalEulerAnglesHint.y
      value: 90
      objectReference: {fileID: 0}
    - target: {fileID: 7468551953831871460, guid: 0b7c444b67beaaf488eb87290f0d081b,
        type: 3}
      propertyPath: m_LocalEulerAnglesHint.z
      value: 0
      objectReference: {fileID: 0}
    m_RemovedComponents: []
  m_SourcePrefab: {fileID: 100100000, guid: 0b7c444b67beaaf488eb87290f0d081b, type: 3}
--- !u!1001 &1898443022
PrefabInstance:
  m_ObjectHideFlags: 0
  serializedVersion: 2
  m_Modification:
    m_TransformParent: {fileID: 0}
    m_Modifications:
    - target: {fileID: 4519541146279962617, guid: e10181ec915b1864d930872734d88b59,
        type: 3}
      propertyPath: m_LocalPosition.x
      value: 0
      objectReference: {fileID: 0}
    - target: {fileID: 4519541146279962617, guid: e10181ec915b1864d930872734d88b59,
        type: 3}
      propertyPath: m_LocalPosition.y
      value: 0
      objectReference: {fileID: 0}
    - target: {fileID: 4519541146279962617, guid: e10181ec915b1864d930872734d88b59,
        type: 3}
      propertyPath: m_LocalPosition.z
      value: 0
      objectReference: {fileID: 0}
    - target: {fileID: 4519541146279962617, guid: e10181ec915b1864d930872734d88b59,
        type: 3}
      propertyPath: m_LocalRotation.x
      value: 0
      objectReference: {fileID: 0}
    - target: {fileID: 4519541146279962617, guid: e10181ec915b1864d930872734d88b59,
        type: 3}
      propertyPath: m_LocalRotation.y
      value: 0
      objectReference: {fileID: 0}
    - target: {fileID: 4519541146279962617, guid: e10181ec915b1864d930872734d88b59,
        type: 3}
      propertyPath: m_LocalRotation.z
      value: 0
      objectReference: {fileID: 0}
    - target: {fileID: 4519541146279962617, guid: e10181ec915b1864d930872734d88b59,
        type: 3}
      propertyPath: m_LocalRotation.w
      value: 1
      objectReference: {fileID: 0}
    - target: {fileID: 4519541146279962617, guid: e10181ec915b1864d930872734d88b59,
        type: 3}
      propertyPath: m_RootOrder
      value: 7
      objectReference: {fileID: 0}
    - target: {fileID: 4519541146279962617, guid: e10181ec915b1864d930872734d88b59,
        type: 3}
      propertyPath: m_LocalEulerAnglesHint.x
      value: 0
      objectReference: {fileID: 0}
    - target: {fileID: 4519541146279962617, guid: e10181ec915b1864d930872734d88b59,
        type: 3}
      propertyPath: m_LocalEulerAnglesHint.y
      value: 0
      objectReference: {fileID: 0}
    - target: {fileID: 4519541146279962617, guid: e10181ec915b1864d930872734d88b59,
        type: 3}
      propertyPath: m_LocalEulerAnglesHint.z
      value: 0
      objectReference: {fileID: 0}
    - target: {fileID: 4519541146279962622, guid: e10181ec915b1864d930872734d88b59,
        type: 3}
      propertyPath: m_Name
      value: Throw Machine
      objectReference: {fileID: 0}
    - target: {fileID: 4830961529200638862, guid: e10181ec915b1864d930872734d88b59,
        type: 3}
      propertyPath: stoneAmount
      value: 4
      objectReference: {fileID: 0}
    m_RemovedComponents: []
  m_SourcePrefab: {fileID: 100100000, guid: e10181ec915b1864d930872734d88b59, type: 3}
--- !u!1001 &1941010326
PrefabInstance:
  m_ObjectHideFlags: 0
  serializedVersion: 2
  m_Modification:
    m_TransformParent: {fileID: 0}
    m_Modifications:
    - target: {fileID: 6117820614103938686, guid: 615b6557d8f1ec84080a924ad04fdc7f,
        type: 3}
      propertyPath: m_Name
      value: WallGroup
      objectReference: {fileID: 0}
    - target: {fileID: 6998883404505289778, guid: 615b6557d8f1ec84080a924ad04fdc7f,
        type: 3}
      propertyPath: m_LocalPosition.x
      value: -9.8428
      objectReference: {fileID: 0}
    - target: {fileID: 6998883404505289778, guid: 615b6557d8f1ec84080a924ad04fdc7f,
        type: 3}
      propertyPath: m_LocalPosition.y
      value: 12.43
      objectReference: {fileID: 0}
    - target: {fileID: 6998883404505289778, guid: 615b6557d8f1ec84080a924ad04fdc7f,
        type: 3}
      propertyPath: m_LocalPosition.z
      value: 1.7503
      objectReference: {fileID: 0}
    - target: {fileID: 6998883404505289778, guid: 615b6557d8f1ec84080a924ad04fdc7f,
        type: 3}
      propertyPath: m_LocalRotation.x
      value: 0
      objectReference: {fileID: 0}
    - target: {fileID: 6998883404505289778, guid: 615b6557d8f1ec84080a924ad04fdc7f,
        type: 3}
      propertyPath: m_LocalRotation.y
      value: 0
      objectReference: {fileID: 0}
    - target: {fileID: 6998883404505289778, guid: 615b6557d8f1ec84080a924ad04fdc7f,
        type: 3}
      propertyPath: m_LocalRotation.z
      value: 0
      objectReference: {fileID: 0}
    - target: {fileID: 6998883404505289778, guid: 615b6557d8f1ec84080a924ad04fdc7f,
        type: 3}
      propertyPath: m_LocalRotation.w
      value: 1
      objectReference: {fileID: 0}
    - target: {fileID: 6998883404505289778, guid: 615b6557d8f1ec84080a924ad04fdc7f,
        type: 3}
      propertyPath: m_RootOrder
      value: 6
      objectReference: {fileID: 0}
    - target: {fileID: 6998883404505289778, guid: 615b6557d8f1ec84080a924ad04fdc7f,
        type: 3}
      propertyPath: m_LocalEulerAnglesHint.x
      value: 0
      objectReference: {fileID: 0}
    - target: {fileID: 6998883404505289778, guid: 615b6557d8f1ec84080a924ad04fdc7f,
        type: 3}
      propertyPath: m_LocalEulerAnglesHint.y
      value: 0
      objectReference: {fileID: 0}
    - target: {fileID: 6998883404505289778, guid: 615b6557d8f1ec84080a924ad04fdc7f,
        type: 3}
      propertyPath: m_LocalEulerAnglesHint.z
      value: 0
      objectReference: {fileID: 0}
    m_RemovedComponents: []
  m_SourcePrefab: {fileID: 100100000, guid: 615b6557d8f1ec84080a924ad04fdc7f, type: 3}
--- !u!1 &1975143976 stripped
GameObject:
  m_CorrespondingSourceObject: {fileID: 2583531011011978398, guid: f0f503202954f1344b06fc661f1c4a75,
    type: 3}
  m_PrefabInstance: {fileID: 653934931}
  m_PrefabAsset: {fileID: 0}
--- !u!114 &1975143978
MonoBehaviour:
  m_ObjectHideFlags: 0
  m_CorrespondingSourceObject: {fileID: 0}
  m_PrefabInstance: {fileID: 0}
  m_PrefabAsset: {fileID: 0}
  m_GameObject: {fileID: 1975143976}
  m_Enabled: 1
  m_EditorHideFlags: 0
  m_Script: {fileID: 11500000, guid: bceef544f78fdae46b9de524ae888770, type: 3}
  m_Name: 
  m_EditorClassIdentifier: 
  ColliderPool: []
  GlobalKey: 0
  LocalKey1: 2
  LocalKey2: 3
  LocalKey3: 0
  isPillar: 0
  SetScale: {x: 0, y: 0, z: 0}
  StartScale: {x: 0, y: 0, z: 0}
  SpeedLerp: 7
--- !u!4 &2106825117 stripped
Transform:
  m_CorrespondingSourceObject: {fileID: 4400223456553587553, guid: 615b6557d8f1ec84080a924ad04fdc7f,
    type: 3}
  m_PrefabInstance: {fileID: 1941010326}
  m_PrefabAsset: {fileID: 0}
--- !u!1 &2118910826 stripped
GameObject:
  m_CorrespondingSourceObject: {fileID: 3500438483476199575, guid: 0b7c444b67beaaf488eb87290f0d081b,
    type: 3}
  m_PrefabInstance: {fileID: 1628564669}
  m_PrefabAsset: {fileID: 0}
--- !u!114 &2118910828
MonoBehaviour:
  m_ObjectHideFlags: 0
  m_CorrespondingSourceObject: {fileID: 0}
  m_PrefabInstance: {fileID: 0}
  m_PrefabAsset: {fileID: 0}
  m_GameObject: {fileID: 2118910826}
  m_Enabled: 1
  m_EditorHideFlags: 0
  m_Script: {fileID: 11500000, guid: bceef544f78fdae46b9de524ae888770, type: 3}
  m_Name: 
  m_EditorClassIdentifier: 
  ColliderPool: []
  GlobalKey: 0
  LocalKey1: 3
  LocalKey2: 2
  LocalKey3: 0
  isPillar: 0
  SetScale: {x: 0, y: 0, z: 0}
  StartScale: {x: 0, y: 0, z: 0}
  SpeedLerp: 7
